 Dungeon Sprint DCSS version 0.29-a0-468-ge57f7f99b4 (webtiles) character file.

Game seed: 18442322283988566053

146 mhtbhm the Cleaver (level 5, 0/56 HPs)
             Began as a Hill Orc Berserker on May 21, 2022.
             Was a Believer of Trog.
             Killed from afar by an oklob sapling wizard (6 damage)
             ... with a magic dart
             ... in the Dungeon (Sprint IV: "Fedhas' Mad Dash").
             The game lasted 00:00:31 (508 turns).

mhtbhm the Cleaver (Hill Orc Berserker)              Turns: 508, Time: 00:00:32

Health: 0/56       AC:  0    Str: 22    XL:     5   Next: 28%
Magic:  4/5        EV: 12    Int:  7    God:    Trog [**....]
Gold:   60         SH:  0    Dex: 10    Spells: 4/4 levels left

rFire   . . .      SeeInvis .   a - +0 hand axe
rCold   . . .      Faith    .   (no shield)
rNeg    . . .      Spirit   .   b - +0 leather armour
rPois   .          Reflect  .   (no helmet)
rElec   .          Harm     .   (no cloak)
rCorr   .          Rampage  .   (no gloves)
Will    .....      NoTele   +   (no boots)
Stlth   +.........              i - amulet of invisibility {+Inv}
HPRegen 0.18/turn               (no ring)
MPRegen 0.09/turn               (no ring)

@: corroded, very slightly contaminated
A: no striking features
a: Renounce Religion, Evoke Invisibility, Berserk, Trog's Hand


You were in the Dungeon.
You worshipped Trog.
Trog was pleased with you.
You visited 1 branch You collected 60 gold pieces.

Inventory:

Hand Weapons
 a - a +0 hand axe (weapon)
Armour
 b - a +0 leather armour (worn)
Jewellery
 i - the amulet of invisibility (around neck) {+Inv}
   (You found it in the Dungeon)

   [amulet of nothing]

   +Inv:      It lets you turn invisible.
Scrolls
 h - a scroll of blinking
Potions
 c - a potion of curing
 d - a potion of heal wounds
 e - a potion of haste
 f - 3 potions of magic
 g - a potion of berserk rage


   Skills:
 + Level 8.4 Fighting
 + Level 9.0 Axes
 + Level 4.1 Armour
 + Level 3.1 Dodging
 + Level 0.3 Stealth
 + Level 0.8 Evocations


You had 4 spell levels left.
You didn't know any spells.
Your spell library was empty.

Dungeon Overview and Level Annotations

Branches:
Dungeon (1/1)

Altars:
Cheibriados
Dithmenos
Elyvilon
Gozag
Hepliaklqana
Kikubaaqudgha
Makhleb
Nemelex Xobeh
Okawaru
Qazlal
Ru
Sif Muna
Trog
Uskayaw
Vehumet
Wu Jian
Xom
Yredelemnul
Zin
The Shining One
Beogh
Jiyva
Lugonu

Annotations:
D exclusion: oklob sapling


Message History

You hit the oklob sapling wizard but do no damage.
The oklob sapling wizard is lightly damaged.
The oklob sapling wizard spits acid at you.
The splash of acid hits you!!
Ouch! That really hurt!
You hit the oklob sapling wizard but do no damage.
The oklob sapling wizard is lightly damaged.
The oklob sapling wizard spits acid at you.
The splash of acid hits you!!
* * * LOW HITPOINT WARNING * * *
The acid corrodes you!
You completely miss the oklob sapling wizard.
The oklob sapling wizard is lightly damaged.
The oklob sapling wizard spits acid at you.
The splash of acid misses you.
You completely miss the oklob sapling wizard.
The oklob sapling wizard is lightly damaged.
You flicker for a moment.
You hit the oklob sapling wizard but do no damage.
The oklob sapling wizard is lightly damaged.
You hit the oklob sapling wizard but do no damage.
The oklob sapling wizard is lightly damaged.
You hit the oklob sapling wizard.
The oklob sapling wizard is moderately damaged.
You hit the oklob sapling wizard but do no damage.
The oklob sapling wizard is moderately damaged.
You hit the oklob sapling wizard but do no damage.
The oklob sapling wizard is moderately damaged.
The oklob sapling wizard spits acid at you.
The splash of acid misses you.
You hit the oklob sapling wizard but do no damage.
The oklob sapling wizard is moderately damaged.
You hit the oklob sapling wizard but do no damage.
The oklob sapling wizard is moderately damaged.
You flicker back into view.
You hit the oklob sapling wizard but do no damage.
The oklob sapling wizard is moderately damaged.
The oklob sapling wizard stares at you and mumbles some strange words.
The magic dart hits you.
You die...

###################
.#.⌠._._._._.⌠.#.$+
.'.._._._._._..'@P#
.#..._._._._...#..#
##.._._._._._..#.$#
#._._._._._.⌠.####
###############


You could see an oklob sapling wizard.

Vanquished Creatures
  A scorpion (D)
  2 oklob saplings (D)
  A river rat (D)
  A rat (D)
5 creatures vanquished.

Vanquished Creatures (others)
  3 fungi (D)
3 creatures vanquished.

Grand Total: 8 creatures vanquished

Notes
Turn   | Place    | Note
-------+----------+-------------------------------------------
     0 | D        | mhtbhm the Hill Orc Berserker began the quest for the Orb.
     0 | D        | Reached XP level 1. HP: 19/19 MP: 1/1
     9 | D        | Reached skill level 5 in Axes
     9 | D        | Reached XP level 2. HP: 28/28 MP: 2/2
    68 | D        | Noticed an oklob sapling
    71 | D        | Killed an oklob sapling
    71 | D        | Reached ** piety under Trog
    72 | D        | Reached skill level 6 in Axes
    72 | D        | Reached XP level 3. HP: 33/37 MP: 3/3
   281 | D        | Noticed a scorpion
   281 | D        | Found the amulet of invisibility {+Inv}
   289 | D        | Killed a scorpion
   290 | D        | Reached skill level 8 in Axes
   290 | D        | Reached XP level 4. HP: 47/47 MP: 4/4
   316 | D        | Found an opulent altar of Gozag.
   316 | D        | Found a hazy altar of Hepliaklqana.
   316 | D        | Found a burning altar of Makhleb.
   316 | D        | Found a roughly hewn altar of Beogh.
   316 | D        | Found a sparkling altar of Nemelex Xobeh.
   316 | D        | Found a snail-covered altar of Cheibriados.
   316 | D        | Found a sacrificial altar of Ru.
   316 | D        | Found a shimmering blue altar of Sif Muna.
   316 | D        | Found a shimmering altar of Xom.
   316 | D        | Found a basalt altar of Yredelemnul.
   318 | D        | Found a viscous altar of Jiyva.
   318 | D        | Found a bloodstained altar of Trog.
   318 | D        | Found an ornate altar of the Wu Jian Council.
   318 | D        | Noticed an oklob sapling priest
   319 | D        | Found an iron altar of Okawaru.
   319 | D        | Found a shadowy altar of Dithmenos.
   319 | D        | Found a glowing silver altar of Zin.
   320 | D        | Found an ancient bone altar of Kikubaaqudgha.
   320 | D        | Found a hide-covered altar of Uskayaw.
   321 | D        | Found a stormy altar of Qazlal.
   321 | D        | Found a white marble altar of Elyvilon.
   321 | D        | Found a glowing golden altar of the Shining One.
   322 | D        | Found a corrupted altar of Lugonu.
   322 | D        | Found a radiant altar of Vehumet.
   339 | D        | Killed an oklob sapling priest
   340 | D        | Reached skill level 9 in Axes
   340 | D        | Reached XP level 5. HP: 30/56 MP: 3/5
   508 | D        | Killed from afar by an oklob sapling wizard

Illustrated notes

Levels and vault maps discovered:
D:        dungeon_sprint_fedhas [sprint_temple]

Skill      XL: |  1  2  3  4 |
---------------+-------------+-----
Fighting       | 4 6 7 8 |  8.4
Axes           | 5 6 8 9 |  9.0
Armour         | 3 4 |  4.1
Dodging        | 2 3 |  3.1
Stealth        | |  0.3
Evocations     | |  0.8

Action                   |  1- 3 |  4- 6 || total
-------------------------+-------+-------++-------
Melee: Hand axe          |    16 |    30 ||    46
       Punch             |       |     2 ||     2
Invok: Berserk           |     2 |       ||     2
 Abil: Evoke Invisibilit |       |     2 ||     2
 Stab: Invisible         |       |     1 ||     1
Armor: Leather armour    |     3 |       ||     3
Dodge: Dodged            |     8 |     2 ||    10

Table legend: (Time is in decaauts)
 A = Elapsed time spent in this place.
 B = Non-inter-level travel time spent in this place.
 C = Inter-level travel time spent in this place.
 D = Time resting spent in this place.
 E = Time spent auto-exploring this place.
 F = Levels seen in this place.
 G = Mean time per level.
                   A        B        C        D        E       F      G
               +--------+--------+--------+--------+--------+-----+--------+
         Total |    524 |    524 |      0 |    403 |      3 |   1 |  524.0 |
       Dungeon |    524 |    524 |      0 |    403 |      3 |   1 |  524.0 |
               +--------+--------+--------+--------+--------+-----+--------+

Top non-repeatable levels by time:
       D: 524 daAuts
